Cogmind - Beta 14 @@@ ROGUE MODE // 2024.11.30 @ 18:41:14 Player: akira Result: Self-destructed Performance ------------- Evolutions (3) 1500 Regions Visited (9) 1800 Robots Destroyed (117) 585 Value Destroyed (5234) 5234 Prototype IDs (29) 580 Alien Tech Used (0) 0 Bonus (4232) 4232 TOTAL SCORE: 13931 Bonus ------- Triggered High Security 500 High Alert Combat Kills 1557 Follower Combat Kills 569 Entered Garrisons 400 Used RIF Installer 1000 Aligned with FarCom 300 Friendly Fire -94 Cogmind --------- Core Integrity 142/700 Matter 203/300 Energy 290/290 System Corruption 7% Temperature Cool (36) Movement Treading (330) Ox2 Location -7/Factory Parts ------- > --- POWER (1) -------- Reinforced Deuterium Engine > --- PROPULSION (4) --- Armored Medium Treads > --- UTILITY (4) ------ High-capacity Storage Unit Improved Utility Shielding Relay Coupler [Hunter] (14) > --- WEAPON (4) ------- (None) > --- INVENTORY (20) --- Improved Utility Shielding Improved Medium Armor Plating Improved Medium Armor Plating Improved Medium Armor Plating Hacking Suite Advanced System Shield Relay Coupler [Heavy] (13) Advanced Trap Extractor (0/8) Peak State ------------ > --- POWER ------------ Light Nuclear Core > --- PROPULSION ------- Medium Armored Exoskeleton > --- UTILITY ---------- Advanced Cooling System High-capacity Storage Unit Improved Medium Armor Plating Advanced Trap Extractor > --- WEAPON ----------- Gatling Laser Gatling Laser Heavy Assault Rifle Improved Remote Datajack > --- INVENTORY -------- Armored Treads Advanced Treads Advanced Treads Improved Medium Treads Armored Medium Treads Armored Huge Wheel Improved Utility Shielding Improved Utility Shielding Improved Medium Armor Plating Improved Medium Armor Plating Improved Medium Armor Plating Hacking Suite Advanced System Shield Relay Coupler [Grunt] Relay Coupler [Hunter] Relay Coupler [Heavy] Gatling Laser High-powered Shotgun Field Lobotomy Kit [Rating: 62] Favorites ----------- Power Nuclear Core Engine Light Ion Engine Power Core Nuclear Core Propulsion Light Treads Treads Light Treads Leg Medium Armored Exoskeleton Wheel Armored Huge Wheel Flight Unit Improved Flight Unit Utility High-capacity Storage Unit Device Advanced Cooling System Storage High-capacity Storage Unit Hackware Relay Coupler [NC] Protection Improved Medium Armor Plating Weapon Gauss Rifle Energy Gun Gatling Laser Ballistic Gun Gauss Rifle Launcher Missile Launcher Special Weapon Improved Remote Datajack Build | -11 -10 -10 -10 -9 -8 -8 -8 -8 -7 ------- Run | Yrd Mat Min Exi Min Mat Gar Mat Gar Fac Slots Evolved 6 | . . . . . 4 . . . 2 Power . | . . . . . . . . . . Propulsion 2 | . . . . . 1 . . . 1 Utility 2 | . . . . . 1 . . . 1 Weapon 2 | . . . . . 2 . . . . Parts Attached 116 | 8 3 1 2 . 27 29 8 21 17 Power 8 | 1 1 . . . 2 1 1 1 1 Engine 5 | 1 1 . . . 1 1 . . 1 Core 3 | . . . . . 1 . 1 1 . Reactor . | . . . . . . . . . . Propulsion 31 | 4 1 1 . . 7 12 . . 6 Treads 25 | 2 1 1 . . 6 10 . . 5 Leg 4 | 2 . . . . . 2 . . . Wheel 1 | . . . . . . . . . 1 Hover . | . . . . . . . . . . Flight 1 | . . . . . 1 . . . . Utility 36 | 1 1 . . . 5 11 3 9 6 Device 9 | . 1 . . . 2 3 . 3 . Storage 2 | 1 . . . . 1 . . . . Processor . | . . . . . . . . . . Hackware 11 | . . . . . . 4 2 3 2 Protection 14 | . . . . . 2 4 1 3 4 Artifact . | . . . . . . . . . . Weapon 41 | 2 . . 2 . 13 5 4 11 4 Energy Gun 7 | . . . . . 3 . . 3 1 Energy Cannon . | . . . . . . . . . . Ballistic Gun 23 | 2 . . 1 . 10 1 1 7 1 Ballistic Cannon . | . . . . . . . . . . Launcher 2 | . . . . . . . 2 . . Special Weapon 9 | . . . 1 . . 4 1 1 2 Impact Weapon . | . . . . . . . . . . Slashing Weapon . | . . . . . . . . . . Piercing Weapon . | . . . . . . . . . . Special Melee Weapon . | . . . . . . . . . . Unidentified Prototypes 4 | . . . . . 2 . 2 . . Parts Lost 27 | . 1 . . . 1 1 3 5 16 Power 2 | . . . . . . . . 1 1 Propulsion 7 | . 1 . . . . . . . 6 Utility 4 | . . . . . 1 1 . . 2 Weapon 14 | . . . . . . . 3 4 7 Highest Loss Streak 5 | . 1 . . . 1 1 1 2 5 To Critical Strikes 2 | . . . . . . . 1 . 1 Average Slot Usage (%) 85 | . 99 100 100 100 97 91 73 79 63 Engine 2 | . 14 14 14 14 5 . 3 . 1 Core 6 | . . . . . 3 8 5 8 3 Treads 9 | . 3 28 28 28 26 15 . . 9 Leg 6 | . 23 . . . . 3 9 9 4 Device 5 | . 14 14 14 14 7 3 . 4 10 Storage 9 | . 14 14 14 14 9 9 9 9 7 Hackware 5 | . . . . . . 1 4 11 . Protection 6 | . . . . . 9 12 13 1 5 Energy Gun 4 | . . . . . 4 . . 9 9 Ballistic Gun 22 | . 28 28 27 28 29 29 15 17 3 Special Weapon 5 | . . . . . . 6 8 7 5 Peak Build Rating 62 | 6 8 8 17 8 33 58 58 58 62 Average Rating 40 | 3 7 8 8 8 25 43 52 49 46 On Entrance 23 | . 6 8 8 8 8 32 57 48 58 Naked Turns . | . . . . . . . . . . Heaviest Build 74 | 12 13 13 13 12 70 74 74 69 74 Greatest Support 94 | 20 20 40 40 40 60 60 50 50 94 Greatest Overweight (x) 3 | 3 1 . . . 3 1 1 1 2 Average Overweight (x) . | . . . . . . 1 1 1 . Largest Inventory Capacity 20 | 8 8 8 8 8 20 20 20 20 20 Average Capacity 18 | 7 8 8 8 8 19 20 20 20 20 Most Carried 20 | 8 8 8 8 8 20 20 20 20 20 Average Carried 17 | 5 7 8 8 8 17 19 19 19 16 Final Capacity 20 | 8 8 8 8 8 20 20 20 20 20 Final Carried 20 | 7 8 8 8 8 17 20 19 19 8 Class Distribution -------------------- 26% | Skirmisher 20% | Bothacker-Skirmisher 18% | Scavenger-Skirmisher 14% | Mutant 8% | Commander-Tank 4% | Tank 4% | Commander-Skirmisher Dominant Class ---------------- Mutant | -10/Materials Mutant | -10/Mines Mutant | -10/Exiles Mutant | -9/Mines Skirmisher | -8/Materials Commander-Tank | -8/Garrison Bothacker-Skirmisher | -8/Materials Scavenger-Skirmisher | -8/Garrison Skirmisher | -7/Factory Resources | -11 -10 -10 -10 -9 -8 -8 -8 -8 -7 ----------- Run | Yrd Mat Min Exi Min Mat Gar Mat Gar Fac Matter Collected 3660 | 223 298 45 . . 553 874 527 1015 125 Remotely . | . . . . . . . . . . Salvage Created 4314 | 24 305 26 . . 947 735 894 1095 288 Parts 257 | 5 26 5 . . 59 39 50 63 10 Haulers Intercepted 3 | . . . . . 3 . . . . Recyclers Shooed 3 | . 1 . . . 1 . 1 . . Parts Field Recycled . | . . . . . . . . . . Retrieved Matter . | . . . . . . . . . . Parts Self-Destructed . | . . . . . . . . . . Prevented . | . . . . . . . . . . Kills | -11 -10 -10 -10 -9 -8 -8 -8 -8 -7 ------- Run | Yrd Mat Min Exi Min Mat Gar Mat Gar Fac Combat Hostiles Destroyed 101 | . 10 2 . . 22 16 17 27 7 Melee 3 | . . . . . . . . . 3 Guns 87 | . 10 2 . . 22 16 6 27 4 AOE 6 | . . . . . . . 6 . . Classes Destroyed 15 | 1 5 . . . 4 1 4 . . Worker 2 | . 1 . . . . . 1 . . Builder 2 | . . . . . . . 2 . . Tunneler 1 | 1 . . . . . . . . . Hauler 3 | . . . . . 3 . . . . Recycler 1 | . . . . . 1 . . . . Mechanic 1 | . . . . . . . 1 . . Operator 2 | . 2 . . . . . . . . Watcher 4 | . 1 . . . 1 . 1 1 . Swarmer 34 | . 6 2 . . 12 3 . 11 . Grunt 31 | . 4 . . . 3 8 6 8 2 Brawler 4 | . . . . . . 1 1 . 2 Duelist 8 | . . . . . . . 6 . 2 Protector 1 | . . . . . . . 1 . . Sentry 20 | . . . . . 5 4 2 8 1 Hunter 3 | . . . . . 2 . 1 . . Best Kill Streak 11 | 1 4 2 . . 7 5 11 7 3 Combat Bots Only 9 | . 3 2 . . 5 5 9 7 3 Max Kills in Single Turn 3 | 1 2 1 . . 2 2 3 1 1 Gunslinging 1 | . 1 . . . 1 1 . . . Exploded 2 | . . . . . . . 2 . . Melee 1 | . . . . . . . . . 1 Uniques/NPCs Destroyed . | . . . . . . . . . . Combat | -11 -10 -10 -10 -9 -8 -8 -8 -8 -7 -------- Run | Yrd Mat Min Exi Min Mat Gar Mat Gar Fac Hostile Shots Fired 717 | . 64 20 . . 57 66 66 185 259 Missed 201 | . 16 5 . . 18 16 16 54 76 Damage Taken 8155 | . 414 116 . . 531 688 1304 1723 3379 Core 1134 | . 123 26 . . 27 34 166 200 558 Absorbed by Shields . | . . . . . . . . . . Redirected to Shielding 77 | . . . . . 4 . 22 20 31 Regen/Repaired (Parts) 226 | . . . . . . . 56 170 . Core Remaining (%) 54 | 100 . . . 40 . . . 22 . Volleys Fired 341 | 2 39 5 . . 43 76 50 94 32 Largest 4 | 2 2 2 . . 4 4 2 4 3 Hottest 240 | 40 40 40 . . 164 112 64 240 183 Shots Fired 757 | 4 78 10 . . 172 150 55 239 49 Gun 705 | 4 78 10 . . 172 141 43 222 35 Cannon . | . . . . . . . . . . Launcher 9 | . . . . . . . 9 . . Special 43 | . . . . . . 9 3 17 14 Kinetic 621 | 4 78 10 . . 134 141 43 201 10 Thermal 84 | . . . . . 38 . . 21 25 Explosive 3 | . . . . . . . 3 . . Electromagnetic 6 | . . . . . . . 6 . . Robot Hit Streak 15 | 3 15 3 . . 13 12 10 11 14 Robot Miss Streak 12 | . 12 3 . . 4 4 2 9 7 Penetration Max 1 | . . . . . 1 1 1 1 . Secondary Targets 14 | . 3 . . . 3 4 . 4 . Max Gunslinging Chain 1 | . 1 . . . 1 1 . 1 . Shots Hit Robots 379 | 3 34 5 . . 99 47 43 111 37 Core Hits 192 | 1 18 2 . . 41 25 32 50 23 Critical Kills 4 | . . . . . 2 2 . . . Critical Parts Destroyed 3 | . 1 . . . 1 . . 1 . Critical Strikes 9 | . 1 . . . 5 2 . 1 . Burn 2 | . . . . . 2 . . . . Destroy 7 | . 1 . . . 3 2 . 1 . Melee Attacks . | . . . . . . . . . . Impact . | . . . . . . . . . . Slashing . | . . . . . . . . . . Piercing . | . . . . . . . . . . Sneak Attacks . | . . . . . . . . . . Combat Hostiles . | . . . . . . . . . . Follow-up Attacks . | . . . . . . . . . . Damage Inflicted 8134 | 38 463 65 . . 1757 996 2481 1611 723 Guns 6419 | 38 463 65 . . 1757 996 791 1611 698 Cannons . | . . . . . . . . . . Explosions 1690 | . . . . . . . 1690 . . Melee . | . . . . . . . . . . Ramming 25 | . . . . . . . . . 25 Kinetic 5194 | 38 463 65 . . 1380 996 791 1347 114 Thermal 1661 | . . . . . 377 . 436 264 584 Explosive 453 | . . . . . . . 453 . . Electromagnetic 801 | . . . . . . . 801 . . Impact . | . . . . . . . . . . Slashing . | . . . . . . . . . . Piercing . | . . . . . . . . . . Highest Corruption 7 | . . . . . . . 1 2 7 Average Corruption 1 | . . . . . . . 1 1 4 Corruption Purged . | . . . . . . . . . . Corruption Blocked . | . . . . . . . . . . Effects 47 | . . . . . . . 6 39 2 Message Errors 10 | . . . . . . . 3 7 . Matter Fused 8 | . . . . . . . . 7 1 Heat Flow Errors 8 | . . . . . . . 1 6 1 Energy Discharges 11 | . . . . . . . 1 10 . Parts Fused 1 | . . . . . . . . 1 . Data Loss (minor) 4 | . . . . . . . 1 3 . Data Loss (major) 5 | . . . . . . . . 5 . Overload Shots . | . . . . . . . . . . Overflow Damage 5 | . . . . . . . 5 . . Projectiles . | . . . . . . . . . . Explosions 5 | . . . . . . . 5 . . Melee . | . . . . . . . . . . Knockbacks . | . . . . . . . . . . Impact . | . . . . . . . . . . Kinetic . | . . . . . . . . . . Secondary . | . . . . . . . . . . Self-Inflicted Damage 241 | . . . . . . . 241 . . Shots 8 | . . . . . . . 8 . . Rammed . | . . . . . . . . . . Targets Rammed 5 | . . . . . . . . . 5 Kicked 2 | . . . . . . . . . 2 Crushed 3 | . . . . . . . . . 3 Highest Temperature 369 | . . . . . 369 304 90 241 170 Average Temperature 70 | . . . . . 97 93 17 51 26 Received Heat Transfer 2640 | . 72 . . . 162 270 171 603 1362 Effects 3 | . . . . . . 1 . 2 . Interference 3 | . . . . . . 1 . 2 . Siege Activations . | . . . . . . . . . . Robots Corrupted 5 | . . . . . . . 5 . . Combat Hostiles 5 | . . . . . . . 5 . . Parts Fried 4 | . . . . . . . 4 . . Impact Corruptions . | . . . . . . . . . . Robots Melted . | . . . . . . . . . . Combat Hostiles . | . . . . . . . . . . Parts Melted 3 | . . . . . . . . 1 2 Heat Transferred 3190 | . . . . . 962 . 577 454 1197 Parts Sabotaged . | . . . . . . . . . . Parts Stolen . | . . . . . . . . . . Parts Stripped . | . . . . . . . . . . Power Chain Reactions 7 | . . . . . . . 7 . . Alert | -11 -10 -10 -10 -9 -8 -8 -8 -8 -7 ------- Run | Yrd Mat Min Exi Min Mat Gar Mat Gar Fac Peak Influence 3425 | 5 333 120 . . 440 1962 1386 3425 1921 Initial 1787 | . 3 70 . . . 39 956 837 1787 Average 1268 | . 182 116 . . 103 876 1182 2152 1827 Maximum Alert Level 5 | . 1 . . . 2 5 4 5 5 Low Security (%) 20 | 100 58 100 . 100 93 7 . . . Level 1 5 | . 41 . . . 4 9 . . . Level 2 7 | . . . . . 2 29 . . . Level 3 11 | . . . . . . 23 32 4 . Level 4 18 | . . . . . . 18 67 19 . Level 5 32 | . . . . . . 12 . 75 18 High Security 3 | . . . . . . . . . 81 Max Security . | . . . . . . . . . . Squads Dispatched 26 | . 3 . . . 1 . 6 . 16 Investigation 3 | . 1 . . . 1 . 1 . . Extermination . | . . . . . . . . . . Reinforcement 5 | . 2 . . . . . 1 . 2 Assault 18 | . . . . . . . 4 . 14 Garrison . | . . . . . . . . . . Intercept . | . . . . . . . . . . Searches Triggered . | . . . . . . . . . . Construction Impeded 1 | . . . . . . . . . 1 Haulers Reinforced . | . . . . . . . . . . Active Scanning Responses . | . . . . . . . . . . Cargo Convoy Interrupts . | . . . . . . . . . . Stealth | -11 -10 -10 -10 -9 -8 -8 -8 -8 -7 --------- Run | Yrd Mat Min Exi Min Mat Gar Mat Gar Fac Distress Signals 10 | . 1 . . . 6 . 2 . 1 Communications Jammed . | . . . . . . . . . . Distress Signals . | . . . . . . . . . . Times Spotted 231 | . 19 3 . . 36 29 31 46 67 Peak Tracking Total 24 | . 5 3 . . 6 6 9 7 24 Tactical Retreats 17 | . 2 . . . 4 . 2 2 7 Traps | -11 -10 -10 -10 -9 -8 -8 -8 -8 -7 ------- Run | Yrd Mat Min Exi Min Mat Gar Mat Gar Fac Traps Triggered 24 | . 1 . . . 3 9 1 10 . Indirectly . | . . . . . . . . . . Trap Hack Attempts . | . . . . . . . . . . Triggered . | . . . . . . . . . . Disarmed . | . . . . . . . . . . Reprogrammed . | . . . . . . . . . . Reused 1 | . . . . . . . . . 1 Traps Extracted 3 | . . . . . . . . 1 2 Installed 4 | . . . . . . . . 1 3 Triggered 1 | . . . . . . . . . 1 Most Traps Carried 6 | . . . . . . . . 6 6 Machines | -11 -10 -10 -10 -9 -8 -8 -8 -8 -7 ---------- Run | Yrd Mat Min Exi Min Mat Gar Mat Gar Fac Machines Disabled 13 | . . . . . 2 6 2 3 . Max in Single Turn 1 | . . . . . 1 1 1 1 . Garrison Relay 8 | . . . . . . 5 . 3 . Machines Repaired . | . . . . . . . . . . Machines Dismantled . | . . . . . . . . . . Machines Sabotaged . | . . . . . . . . . . Overloaded Fab Kills . | . . . . . . . . . . Hacking | -11 -10 -10 -10 -9 -8 -8 -8 -8 -7 --------- Run | Yrd Mat Min Exi Min Mat Gar Mat Gar Fac Machines Accessed 17 | . 4 . 1 . 4 2 2 4 . Terminals 13 | . 4 . . . 3 2 . 4 . Fabricators . | . . . . . . . . . . Repair Stations . | . . . . . . . . . . Recycling Units . | . . . . . . . . . . Scanalyzers 1 | . . . . . . . 1 . . Garrison Access 2 | . . . . . 1 . 1 . . Total Hacks 39 | . 9 . 1 . 14 4 4 7 . Successful 23 | . 6 . 1 . 9 1 3 3 . Failed 16 | . 3 . . . 5 3 1 4 . Catastrophic 2 | . . . . . . 2 . . . Database Lockouts . | . . . . . . . . . . Manual 19 | . 9 . 1 . 9 . . . . Terminals 33 | . 9 . . . 13 4 . 7 . Fabricators . | . . . . . . . . . . Repair Stations . | . . . . . . . . . . Recycling Units . | . . . . . . . . . . Scanalyzers 3 | . . . . . . . 3 . . Garrison Access 2 | . . . . . 1 . 1 . . Terminal Hacks 11 | . . . 1 . 6 1 . 3 . Prototype ID Bank 1 | . . . . . 1 . . . . Branch Access Points 1 | . . . . . 1 . . . . Emergency Access Points 2 | . . . . . . 1 . 1 . Terminal Index 1 | . . . . . 1 . . . . Unreport Threat 2 | . . . . . 2 . . . . Locate Traps 1 | . . . . . 1 . . . . Garrison Registry 1 | . . . . . . . . 1 . Security Stations 1 | . . . . . . . . 1 . Derelict Proto ID Bank 1 | . . . 1 . . . . . . Fabricator Hacks . | . . . . . . . . . . Repair Station Hacks . | . . . . . . . . . . Recycling Unit Hacks . | . . . . . . . . . . Scanalyzer 2 | . . . . . . . 2 . . Insert Component 1 | . . . . . . . 1 . . Analyze 1 | . . . . . . . 1 . . Garrison Access Hacks 2 | . . . . . 1 . 1 . . Unlock Access 2 | . . . . . 1 . 1 . . Unauthorized Hacks 8 | . 6 . . . 2 . . . . Terminals 8 | . 6 . . . 2 . . . . Assimilate 3 | . 3 . . . . . . . . Botnet 5 | . 3 . . . 2 . . . . Fabricators . | . . . . . . . . . . Repair Stations . | . . . . . . . . . . Recycling Units . | . . . . . . . . . . Scanalyzers . | . . . . . . . . . . Garrison Access . | . . . . . . . . . . Data Cores Recovered . | . . . . . . . . . . Used . | . . . . . . . . . . Hacking Detections 13 | . 4 . . . 2 1 2 4 . Full Trace Events 2 | . . . . . . 1 . 1 . Feedback Events . | . . . . . . . . . . Feedback Blocked . | . . . . . . . . . . Robot Schematics Acquired . | . . . . . . . . . . Robots Built . | . . . . . . . . . . Authchips . | . . . . . . . . . . Time . | . . . . . . . . . . Total Robot Build Rating . | . . . . . . . . . . Part Schematics Acquired 1 | . . . . . . . 1 . . Parts Built . | . . . . . . . . . . Authchips . | . . . . . . . . . . Time . | . . . . . . . . . . Total Part Build Rating . | . . . . . . . . . . Parts Repaired . | . . . . . . . . . . Time . | . . . . . . . . . . Parts Recycled . | . . . . . . . . . . Recycled Matter . | . . . . . . . . . . Retrieved Matter . | . . . . . . . . . . Retrieved Components . | . . . . . . . . . . Parts Scanalyzed 1 | . . . . . . . 1 . . Part Schematics Acquired 1 | . . . . . . . 1 . . Parts Damaged 1 | . . . . . . . 1 . . Bothacking | -11 -10 -10 -10 -9 -8 -8 -8 -8 -7 ------------ Run | Yrd Mat Min Exi Min Mat Gar Mat Gar Fac Used RIF Installer 2 | . . . . . . 1 . 1 . Threat Obfuscator 1 | . . . . . . . . 1 . Robots Hacked 22 | . . . . . . 6 3 8 5 Non-combat 1 | . . . . . . . 1 . . Combat 21 | . . . . . . 6 2 8 5 Robot Hacks Applied 22 | . . . . . . 6 3 8 5 overload_power 3 | . . . . . . . 1 . 2 go_dormant 2 | . . . . . . . . 2 . overwrite_iff 3 | . . . . . . . . . 3 formatsys_low 1 | . . . . . . . 1 . . formatsys_high 13 | . . . . . . 6 1 6 . Relay Couplers Released 32 | . . . . . . 21 . 11 . Machine Destruction 32 | . . . . . . 21 . 11 . Attached 11 | . . . . . . 4 2 3 2 Fabnet Peak Effective % . | . . . . . . . . . . Robots Rewired 3 | . . . . . . . . 3 . Allies Hacked 1 | . . . . . . . . 1 . Hacks Repelled . | . . . . . . . . . . Allies | -11 -10 -10 -10 -9 -8 -8 -8 -8 -7 -------- Run | Yrd Mat Min Exi Min Mat Gar Mat Gar Fac Total Allies 24 | . . . . . . 7 2 9 6 Largest Group 5 | . . . . . . 4 5 5 3 Highest-Rated Group 135 | . . . . . . 120 135 100 66 Highest-Rated Ally 85 | . . . . . . 85 85 29 30 Total Orders 17 | . . . . . . . 3 14 . STAY 7 | . . . . . . . 1 6 . FOLLOW 1 | . . . . . . . . 1 . GUARD 1 | . . . . . . . 1 . . AID 8 | . . . . . . . 1 7 . Ally Attacks 148 | . . . . . . 11 42 64 31 Total Damage 2593 | . . . . . . 206 1137 810 440 Kills 25 | . . . . . . 6 10 7 2 Allies Corrupted 1 | . . . . . . . . . 1 Allies Melted 1 | . . . . . . . . 1 . Field Lobotomies 4 | . . . . . . 1 . . 3 Intel | -11 -10 -10 -10 -9 -8 -8 -8 -8 -7 ------- Run | Yrd Mat Min Exi Min Mat Gar Mat Gar Fac Robot Analysis Total . | . . . . . . . . . . Derelict Logs Recovered 1 | . . 1 . . . . . . . Drone Launches . | . . . . . . . . . . Drone Recoveries . | . . . . . . . . . . Exploration | -11 -10 -10 -10 -9 -8 -8 -8 -8 -7 ------------- Run | Yrd Mat Min Exi Min Mat Gar Mat Gar Fac Turns Passed 13077 | 68 650 163 353 108 1820 3249 1239 4884 543 Spaces Moved 4922 | 38 384 92 219 68 622 1203 411 1688 197 Core 23 | 23 . . . . . . . . . Treads 1840 | . 94 92 219 68 622 666 . . 79 Legs 3042 | 15 290 . . . . 537 411 1688 101 Wheels 17 | . . . . . . . . . 17 Hover . | . . . . . . . . . . Flight . | . . . . . . . . . . Fastest Speed 50 | 50 120 160 160 160 160 240 250 250 115 Average Speed 226 | 109 133 160 160 160 224 244 250 250 201 Slowest Speed 400 | 200 190 160 160 160 400 250 250 250 330 Overloaded Moves . | . . . . . . . . . . Propulsion Burnouts . | . . . . . . . . . . Robots Hopped . | . . . . . . . . . . Cave-ins Triggered . | . . . . . . . . . . Exploration Rate (%) 40 | 4 68 21 42 23 52 92 31 71 5 Regions Visited 9 Branch Regions 3 Pre-discovered Areas 1 | . . 1 . . . . . . . Known Exits Taken 2 | . . . . . 1 . 1 . . Unknown Exits Taken 5 | 1 1 1 1 1 . . . . . Scrap Searched . | . . . . . . . . . . Spaces Dug . | . . . . . . . . . . Terrain Destroyed 69 | . . . . . 2 12 55 . . Melee . | . . . . . . . . . . Projectile 14 | . . . . . 2 12 . . . AOE 55 | . . . . . . . 55 . . Terrain Rammed . | . . . . . . . . . . Walls Destroyed . | . . . . . . . . . . Machines Disabled . | . . . . . . . . . . Actions | -11 -10 -10 -10 -9 -8 -8 -8 -8 -7 --------- Run | Yrd Mat Min Exi Min Mat Gar Mat Gar Fac Total 6291 | 58 445 97 221 67 956 1404 571 2186 286 Wait 708 | . 16 . . . 216 35 91 320 30 Move 4915 | 37 383 91 218 67 622 1202 411 1687 197 Hop . | . . . . . . . . . . Pick Up 74 | 11 3 . . . 27 20 5 7 1 Fast Attach 33 | 2 1 . 1 . 11 3 3 10 2 Attach 37 | 4 1 . . . 7 7 2 3 13 Detach 5 | . . . . . . 3 . 1 1 Swap 46 | 2 1 1 1 . 9 19 3 8 2 Drop 66 | . 1 . 1 . 21 27 6 10 . Fire 341 | 2 39 5 . . 43 76 50 94 32 Melee . | . . . . . . . . . . Ram . | . . . . . . . . . . Kick 2 | . . . . . . . . . 2 Crush 3 | . . . . . . . . . 3 Escape Stasis 57 | . . . . . . 12 . 45 . Rewire . | . . . . . . . . . . Trap 4 | . . . . . . . . 1 3 Miscellaneous . | . . . . . . . . . . Route ------- -11/Scrapyard -10/Materials (discovered 2 exits: [*Mat] / [*Min]) -10/Mines -10/Exiles -9/Mines -8/Materials (discovered 2 exits: [*Fac] / Gar) -8/Garrison (discovered 3 exits: *Mat x3) -8/Materials -8/Garrison (discovered 4 exits: [*Fac x3] / [*Mat]) -7/Factory History --------- Turn | Location | Event 16 | -11/Scrapyard | Discovered new exit (range 15) 69 | -11/Scrapyard | Entered Materials 318 | -10/Materials | Build established: Mutant 575 | -10/Materials | Discovered new exit (range 16) 673 | -10/Materials | Discovered new exit (range 15) 719 | -10/Materials | Entered Mines 724 | -10/Mines | Core integrity fell below 50% 867 | -10/Mines | Learned location of Zion (-7) 875 | -10/Mines | Deemed a non-threat by the Exiles lab entrance 875 | -10/Mines | Discovered new exit (range 5) 882 | -10/Mines | Entered Exiles 921 | -10/Exiles | Met 8R-AWN 948 | -10/Exiles | Met EX-HEX 994 | -10/Exiles | Met EX-BIN 1017 | -10/Exiles | Aligned with FarCom system 1018 | -10/Exiles | Given EX-Vault access code 1055 | -10/Exiles | Opened EX-Vault 1069 | -10/Exiles | Found Field Lobotomy Kit 1105 | -10/Exiles | Warned to stay clear of 0b10 Research branches 1214 | -10/Exiles | Discovered new exit (range 15) 1235 | -10/Exiles | Left Exiles lab with Field Lobotomy Kit 1235 | -10/Exiles | Entered Mines 1299 | -9/Mines | Met a Derelict bent on vengeance 1331 | -9/Mines | Discovered new exit (range 8) 1343 | -9/Mines | Entered Materials 1343 | -8/Materials | Evolved 4 slots: Propulsion x1, Utility x1, Weapon x2 2050 | -8/Materials | Build established: Skirmisher 2725 | -8/Materials | Discovered new exit (range 10) 3163 | -8/Materials | Identified exit to Garrison 3163 | -8/Materials | Entered Garrison 3195 | -8/Garrison | Triggered checkpoint 3399 | -8/Garrison | Triggered checkpoint 3464 | -8/Garrison | Triggered checkpoint 3522 | -8/Garrison | Triggered checkpoint 3569 | -8/Garrison | Triggered checkpoint 3682 | -8/Garrison | Triggered checkpoint 3758 | -8/Garrison | Discovered new exit (range 12) 3828 | -8/Garrison | Installed Relay Interface Framework 3892 | -8/Garrison | Garrison Relay disabled 4276 | -8/Garrison | Discovered new exit (range 10) 4320 | -8/Garrison | Triggered checkpoint 4432 | -8/Garrison | Garrison Relay disabled 4724 | -8/Garrison | Triggered checkpoint 4729 | -8/Garrison | Build established: Bothacker-Skirmisher 4750 | -8/Garrison | Garrison Relay disabled 4863 | -8/Garrison | Triggered checkpoint 4867 | -8/Garrison | Spotted B-75 Beast 4870 | -8/Garrison | Assimilated B-75 Beast with FLK Orb 4884 | -8/Garrison | Discovered new exit (range 15) 5288 | -8/Garrison | Build established: Commander-Tank 6111 | -8/Garrison | Garrison Relay disabled 6359 | -8/Garrison | Garrison Relay disabled 6412 | -8/Garrison | Entered Materials 6412 | -8/Materials | Accompanied by 4 allies 6420 | -8/Materials | Build established: Bothacker-Tank 6812 | -8/Materials | First assault squad dispatched 6860 | -8/Materials | Build established: Bothacker-Skirmisher 6921 | -8/Materials | Destroyed 9 combat bots 7371 | -8/Materials | Build established: Tank 7651 | -8/Materials | Identified exit to Garrison 7651 | -8/Materials | Entered Garrison 7651 | -8/Garrison | Accompanied by 1 ally 7697 | -8/Garrison | Learned Factory security intel 7745 | -8/Garrison | Triggered checkpoint 7887 | -8/Garrison | Core integrity fell below 50% 7928 | -8/Garrison | Destroyed 7 combat bots 7989 | -8/Garrison | Triggered checkpoint 8021 | -8/Garrison | Triggered checkpoint 8042 | -8/Garrison | Build established: Scavenger-Skirmisher 8201 | -8/Garrison | Discovered new exit (range 14) 8367 | -8/Garrison | Triggered checkpoint 8459 | -8/Garrison | Garrison Relay disabled 8559 | -8/Garrison | Triggered checkpoint 8859 | -8/Garrison | Triggered checkpoint 9012 | -8/Garrison | Discovered new exit (range 10) 9061 | -8/Garrison | Triggered checkpoint 10270 | -8/Garrison | Discovered new exit (range 5) 10403 | -8/Garrison | Triggered checkpoint 10456 | -8/Garrison | Expanded RIF knowledge: Threat Obfuscation 10515 | -8/Garrison | Triggered checkpoint 10608 | -8/Garrison | Build established: Commander-Skirmisher 10789 | -8/Garrison | Garrison Relay disabled 11094 | -8/Garrison | Build established: Bothacker-Skirmisher 11097 | -8/Garrison | Triggered checkpoint 11098 | -8/Garrison | Garrison Relay disabled 11134 | -8/Garrison | Discovered new exit (range 87) 11134 | -8/Garrison | Discovered new exit (range 67) 11134 | -8/Garrison | Discovered new exit (range 12) 11134 | -8/Garrison | Discovered new exit (range 70) 11899 | -8/Garrison | Triggered checkpoint 11952 | -8/Garrison | Lost 4 allies 12375 | -8/Garrison | Build established: Skirmisher 12535 | -8/Garrison | Entered Factory 12535 | -7/Factory | Accompanied by 1 ally 12535 | -7/Factory | Evolved 2 slots: Propulsion x1, Utility x1 12636 | -7/Factory | High security lockdown imminent 12716 | -7/Factory | High security lockdown engaged 12849 | -7/Factory | Assimilated L-41 Fighter with FLK Orb 12852 | -7/Factory | Assimilated G-47 Trooper with FLK Orb 12856 | -7/Factory | Assimilated B-48 Gladiator with FLK Orb 12878 | -7/Factory | Lost 5 parts (1p1n3w) 12910 | -7/Factory | Lost 4 allies 12924 | -7/Factory | Core integrity fell below 50% 12942 | -7/Factory | Lost 3 parts (1n2w) 13076 | -7/Factory | Lost 3 allies 13078 | -7/Factory | Self-destructed Last Messages --------------- 13068_ System corrupted by crushing effect (+3). 13068_ M-28 Smith fits Backup Power III on G-47 Trooper. 13068_ Penetrated by Slug. 13069_ Critical hit (Burn: +37). 13070_ Jacked G-47 Trooper... >>overload_power Initiated overload sequence, T-4 to critical power. 13071_ M-28 Smith repairs G-47 Trooper. 13071_ Penetrated by Slug. 13071_ Adv. Treads destroyed. 13073_ M-28 Smith fits Backup Propulsion III on G-47 Trooper. 13074_ G-47 Trooper Lgt. Nuclear Core critical detonation. 13074_ Adv. Treads destroyed. 13074_ Imp. Medium Treads destroyed. 13074_ B-48 Gladiator destroyed. 13076_ M-28 Smith repairs M-28 Smith. 13076_ Remote Datajack destroyed. Map ----- +----------------------------------------------------+ | | | | | | | | | | | | | | | | | | | ????????????????????#####??###??###????########### | | ????????????????????# ? ?? ????# ** | | ????????????????????# """" """" """??# ** ! | | ????????????????????# """" """" """" # ** | | ????????????????????# """" """" """" # | | ????????????????????# """" """" """" / & ! | | ????????????????????# = """" """" """" # &&%% | | ????????????????????# """" """" """" # & | | ????????????????????# #######+### | | ?????????????#################+####/######### ![## | | ?????????????# %" =C *% =%%% | | ?????????????# %############ /=## | | ?????????????# T#?????????## ##? | | ?????????????# #??????????#!#?? | | ?????????????# ##??????????# #?? | | ?????????????# ######### #???????????#%#?? | | ?????????????# #! %b@## #?########??# #?? | | ?????????????# # l ## #? #??# #?? | | ?????????????# #g ll ## # """ ???# #?? | | ?????????????# # ## # """ #??# #?? | | ?????????????+ # b ## + """ #??? ??? | | ?????????????# ;%! ;# # #???+??? | | ?????????????# ;*= g ;# # """ #??????? | | ?????????????# ;% ghgb;" #? """ #??????? | | ?????????????# ; g ;# #? """ ???????? | | ?????????????# ;g% ;# #?? ???????? | | ?????????????# ;== g;" #??######???????? | | ?????????????# ; m gi;# #???????????????? | | ??????######## ; !%m= ;# #???????????????? | | ??????# ; %%! ;# #???????????????? | | ??????# #"CC;;### #???????????????? | | ??????# %==!* #???????????????? | | ??????+ %" #???????????????? | | ??????# " +???????????????? | | ??????# #???????????????? | | ??????# #???????????????? | | ??????# #???????????????? | | ??????# #???????????????? | | ??????# "" "" #???????????????? | | ??????# "F "" #???????????????? | | ??????# """"" ??????????????? | +----------------------------------------------------+ Best States ------------- Heat Dissipation 65 Energy Generation 18 Energy Capacity 290 Matter Stores 300 Matter Capacity 300 Sight Range 16 Terrain Scan Density 10 Armor Coverage 450 Utility Shielding 66 Evasion (%) 55 Recoil Reduction 4 Kinecelleration 30 Relay Coupler Types 2 Relay Coupler Value 53 Trap Extractor Capacity 8 Item Schematics ----------------- Adv. Drone Bay | -8/Materials | Scanalyzed Robot Schematics ------------------ None Fabricated ------------ Nothing Alien Tech Used ----------------- None Achievements -------------- None Challenges ------------ None Game ------ Seed CorruptionBiocellAutocannon Manual? 0 Play Time 01:26:50 Cumulative 71.4 hours Start 2024.11.30 @ 17:06:53 End 2024.11.30 @ 18:41:14 Sessions 1 Manual Loads 0 Difficulty Rogue Special Mode None Game No. 72 Rogue 72 Adventurer 0 Explorer 0 Win Type - Total 0 Types 0/0/0/0/0/0/0/0/0 Lore% 10 Gallery% 33 Achievement% 32 Wizard Run 0 Options --------- Layout 2 ASCII 0 Keyboard 0 Movement Mouse Keybinds 0 Fullscreen 2 Font 16/SmallcapsGlow Map View 55x47 Zoom Use 10% Tactical HUD 1 Map Filters NONE Filters NONE Steam 1 RUN: ff37024a-c560-40b0-94a4-755ff2f86b4c